 Dungeon Crawl Stone Soup version 0.24.1-8-ga250c9d538 (webtiles) character file.

Game seed: 18288947053349669018, levelgen mode: deterministic

570165 Hugehornet the Impregnable (level 27, -2/161 HPs)
             Began as a Gargoyle Fighter on Apr 30, 2020.
             Was the Champion of Okawaru.
             Slain by a yaktaur
             ... wielding a +0 dagger
             ... led by a yaktaur captain
              (4 damage)
             ... on level 5 of the Vaults.
             The game lasted 03:47:09 (56671 turns).

Hugehornet the Impregnable (Gargoyle Fighter)      Turns: 56671, Time: 03:47:09

Health: -2/161     AC: 65    Str: 40 (41) XL:     27
Magic:  23/23      EV: 14    Int: 10 (13) God:    Okawaru [******]
Gold:   4638       SH: 35    Dex:  9      Spells: 26/26 levels left

rFire    . . .     SeeInvis .   d - +8 demon whip (elec)
rCold    + . .     Gourm    .   e - +7 large shield {rC+}
rNeg     + + .     Faith    +   H - +10 plate armour "Oputzeug" {rN+ Dex+4}
rPois    ∞         Spirit   .   A - +2 helmet "Forgh" {rPois Slay+3}
rElec    +         Reflect  .   T - scarf {repulsion}
rCorr    .         Harm     .   v - +3 pair of gauntlets of War {Slay+5}
MR       ++...     Rnd*Rage +   c - +1 pair of boots of Yesterday {Str+3 Int+4} Stlth ..........Rnd*Tele +
                                x - amulet of faith
HPRegen  0.36/turn              J - +5 ring of strength
MPRegen  0.18/turn              j - ring "Omuossukk" {+Blink Stlth-}

@: flying, repel missiles
A: big wings, [berserk 2], [blurry vision 2], [clumsy 2], [deterioration 2],
frail 1, [low mp 2], negative energy resistance 1, screaming 1[+1], electricity
resistance, [teleportitis 1], unbreathing, petrification resistance, [no potion
heal 2], rot immunity, [subdued magic 2], AC +20
}: 2/15 runes: serpentine, barnacled
a: Stop Flying, Heroism, Finesse, Renounce Religion, Evoke Blink


You were on level 5 of the Vaults.
You worshipped Okawaru.
Okawaru was exalted by your worship.
You were not hungry.

You visited 9 branches of the dungeon, and saw 45 of its levels.
You visited the Abyss 2 times.
You also visited: Ossuary and Ice Cave.

You collected 5597 gold pieces.
You spent 959 gold pieces at shops.

Inventory:

Hand Weapons
 b - the +2 broad axe of Disorder {flame, +Inv rPois SInv}
   (Okawaru gifted it to you on level 4 of the Shoals)

   It has been specially enchanted to burn those struck by it, causing extra
   injury to most foes and up to half again as much damage against particularly
   susceptible opponents.
   Big, fiery blades are also staple armaments of hydra-hunters.
   It protects you from poison.
   It lets you see invisible.
   It lets you turn invisible.
 d - a +8 demon whip of electrocution (weapon)
 t - the +5 demon trident of the Endless Expanse {elec, *Drain Int+7 SInv}
   (You took it off a merfolk javelineer on level 2 of the Shoals)

   Occasionally, upon striking a foe, it will discharge some electrical energy
   and cause terrible harm.
   It affects your intelligence (+7).
   It lets you see invisible.
   It causes draining when unequipped.
 W - a +4 eveningstar of flaming
Armour
 c - the +1 pair of boots of Yesterday (worn) {Str+3 Int+4}
   (Okawaru gifted it to you on level 2 of the Lair of Beasts)

   It affects your strength (+3).
   It affects your intelligence (+4).
 e - a +7 large shield of cold resistance (worn)
 v - the +3 pair of gauntlets of War (worn) {Slay+5}
   (You found it on level 1 of the Snake Pit)

   It affects your accuracy and damage with ranged weapons and melee attacks
   (+5).
 A - the +2 helmet "Forgh" (worn) {rPois Slay+3}
   (Okawaru gifted it to you on level 4 of the Depths)

   It affects your accuracy and damage with ranged weapons and melee attacks
   (+3).
   It protects you from poison.
 H - the +10 plate armour "Oputzeug" (worn) {rN+ Dex+4}
   (You found it on level 3 of the Depths)

   It affects your dexterity (+4).
   It protects you from negative energy.
 R - a +3 plate armour of fire resistance
 T - a scarf of repulsion (worn)
Jewellery
 j - the ring "Omuossukk" (right hand) {+Blink Stlth-}
   (You found it on level 4 of the Vaults)

   [ring of attention]

   It lets you blink.
   It makes you less stealthy.
 k - the ring of Westol {Fire MR+}
   (You found it on level 4 of the Lair of Beasts)

   [ring of fire]

   It enhances your fire magic.
   It protects you from fire.
   It makes you vulnerable to cold.
   It affects your resistance to hostile enchantments.
 n - the ring "Juezux" {Str+6 Dex+3}
   (You took it off a deep elf blademaster on level 3 of the Elven Halls)

   [ring of dexterity]

   It affects your strength (+6).
   It affects your dexterity (+3).
 p - an uncursed ring of positive energy
 u - a +5 ring of evasion
 x - an amulet of faith (around neck)
 y - a +5 ring of intelligence
 z - an uncursed ring of protection from cold
 J - a +5 ring of strength (left hand)
 M - the amulet "Atoeji" {Gourm rElec rC+}
   (You found it on level 3 of the Vaults)

   [amulet of the gourmand]

   It allows you to eat raw meat even when not hungry.
   It protects you from cold.
   It insulates you from electricity.
 U - an uncursed ring of resist corrosion
 X - an uncursed ring of protection from fire
Wands
 l - a wand of paralysis (39)
 B - a wand of iceblast (44)
 I - a wand of disintegration (35)
 K - a wand of flame (81)
 L - a wand of acid (44)
 N - a wand of digging (17)
Scrolls
 m - 19 scrolls of teleportation
 o - 24 scrolls of remove curse
 q - a scroll of enchant armour
 r - 7 scrolls of blinking
 E - 3 scrolls of silence
 F - 7 scrolls of fog
 G - 4 scrolls of identify
 P - 3 scrolls of brand weapon
 S - 5 scrolls of magic mapping
 V - 5 scrolls of fear
 Y - 4 scrolls of summoning
 Z - 4 scrolls of holy word
Potions
 a - 3 potions of invisibility
 g - 9 potions of agility
 h - 8 potions of haste
 i - 2 potions of berserk rage
 s - 4 potions of heal wounds
 w - 15 potions of curing
 C - 6 potions of might
 O - 2 potions of cancellation
 Q - 4 potions of resistance
Comestibles
 f - 65 rations


   Skills:
 - Level 20.0 Fighting
 - Level 8.5(12.7) Axes
 - Level 16.0(16.8) Maces & Flails
 + Level 26.2 Armour
 - Level 10.0 Dodging
 - Level 25.0 Shields
 - Level 8.0 Invocations
 - Level 5.0 Evocations


You had 26 spell levels left.
You didn't know any spells.
Your spell library contained the following spells:

 Spells                   Type           Power        Failure   Level  Hunger
 Animate Skeleton         Necr           N/A          54%         1    ##.....
 Confusing Touch          Hex            #.....       54%         1    ##.....
 Flame Tongue             Conj/Fire      #....        54%         1    ##.....
 Freeze                   Ice            #...         54%         1    ##.....
 Infusion                 Chrm           #...         54%         1    ##.....
 Magic Dart               Conj           #...         54%         1    ##.....
 Pain                     Necr           #...         54%         1    ##.....
 Sandblast                Erth           #.....       54%         1    ##.....
 Shock                    Conj/Air       #...         54%         1    ##.....
 Sting                    Conj/Pois      #...         54%         1    ##.....
 Summon Small Mammal      Summ           #...         54%         1    ##.....
 Blink                    Tloc           N/A          69%         2    ###....
 Call Imp                 Summ           #.......     69%         2    ###....
 Corpse Rot               Necr           N/A          69%         2    ###....
 Passwall                 Tmut/Erth      #.......     69%         2    ###....
 Poisonous Vapours        Pois/Air       #.....       69%         2    ###....
 Searing Ray              Conj           #.....       69%         2    ###....
 Shroud of Golubria       Chrm/Tloc      #.....       69%         2    ###....
 Slow                     Hex            #.......     69%         2    ###....
 Song of Slaying          Chrm           #.......     69%         2    ###....
 Swiftness                Chrm/Air       #.......     69%         2    ###....
 Throw Flame              Conj/Fire      #.....       69%         2    ###....
 Throw Frost              Conj/Ice       #.....       69%         2    ###....
 Call Canine Familiar     Summ           #.......     90%         3    ####...
 Confuse                  Hex            #.......     90%         3    ####...
 Conjure Flame            Conj/Fire      #.......     90%         3    ####...
 Dazzling Spray           Conj/Hex       #.....       90%         3    ####...
 Gell's Gravitas          Tloc           #.........   90%         3    ####...
 Ignite Poison            Fire/Tmut/Pois #.......     90%         3    ####...
 Inner Flame              Hex/Fire       #.......     90%         3    ####...
 Lesser Beckoning         Tloc           #.........   90%         3    ####...
 Mephitic Cloud           Conj/Pois/Air  #.......     90%         3    ####...
 Ozocubu's Armour         Chrm/Ice       #.......     90%         3    ####...
 Recall                   Summ/Tloc      N/A          90%         3    ####...
 Regeneration             Chrm/Necr      #.........   90%         3    ####...
 Spectral Weapon          Hex/Chrm       #.......     90%         3    ####...
 Static Discharge         Conj/Air       #.......     90%         3    ####...
 Stone Arrow              Conj/Erth      #.....       90%         3    ####...
 Summon Guardian Golem    Hex/Summ       #.......     90%         3    ####...
 Vampiric Draining        Necr           #.........   90%         3    ####...
 Airstrike                Air            #.........   100%        4    #####..
 Animate Dead             Necr           N/A          100%        4    #####..
 Force Lance              Conj/Tloc      #.......     100%        4    #####..
 Fulminant Prism          Conj/Hex       #.........   100%        4    #####..
 Iskenderun's Mystic Bla  Conj           #.......     100%        4    #####..
 Olgreb's Toxic Radiance  Pois           #.......     100%        4    #####..
 Passage of Golubria      Tloc           N/A          100%        4    #####..
 Petrify                  Tmut/Erth      #.......     100%        4    #####..
 Sticky Flame             Conj/Fire      #.......     100%        4    #####..
 Summon Ice Beast         Ice/Summ       #.......     100%        4    #####..
 Summon Lightning Spire   Summ/Air       #.......     100%        4    #####..
 Throw Icicle             Conj/Ice       #.......     100%        4    #####..
 Agony                    Necr           #.......     100%        5    ######.
 Bolt of Draining         Conj/Necr      #.........   100%        5    ######.
 Bolt of Magma            Conj/Fire/Erth #.........   100%        5    ######.
 Borgnjor's Vile Clutch   Necr/Erth      #.........   100%        5    ######.
 Dispel Undead            Necr           #.......     100%        5    ######.
 Excruciating Wounds      Chrm/Necr      #.........   100%        5    ######.
 Fireball                 Conj/Fire      #.........   100%        5    ######.
 Irradiate                Conj/Tmut      #.........   100%        5    ######.
 Iskenderun's Battlesphe  Conj/Chrm      #.......     100%        5    ######.
 Lee's Rapid Deconstruct  Erth           #.........   100%        5    ######.
 Lightning Bolt           Conj/Air       #.........   100%        5    ######.
 Metabolic Englaciation   Hex/Ice        #.........   100%        5    ######.
 Venom Bolt               Conj/Pois      #.........   100%        5    ######.
 Yara's Violent Unravell  Hex/Tmut       #.........   100%        5    ######.
 Bolt of Fire             Conj/Fire      #.........   100%        6    #######
 Darkness                 Hex            #.........   100%        6    #######
 Hydra Form               Tmut           #.........   100%        6    #######
 Invisibility             Hex            #.......     100%        6    #######
 Iron Shot                Conj/Erth      #.........   100%        6    #######
 Poison Arrow             Conj/Pois      #.........   100%        6    #######
 Dragon Form              Tmut           #.........   100%        7    #######
 Orb of Destruction       Conj           #.........   100%        7    #######
 Ring of Flames           Chrm/Fire      #.........   100%        7    #######
 Spellforged Servitor     Conj/Summ      #.........   100%        7    #######
 Chain Lightning          Conj/Air       #.........   100%        8    #######
 Ignition                 Fire           #.........   100%        8    #######
 Lehudib's Crystal Spear  Conj/Erth      #.........   100%        8    #######
 Fire Storm               Conj/Fire      #.........   100%        9    #######
 Glaciate                 Conj/Ice       #.........   100%        9    #######
 Sublimation of Blood     Necr           Unusable     N/A         2    N/A
 Statue Form              Tmut/Erth      Unusable     N/A         6    N/A

Dungeon Overview and Level Annotations

Branches:
Dungeon (15/15)            Temple (1/1) D:6            Lair (6/6) D:9
 Shoals (4/4) Lair:2        Snake (4/4) Lair:2        Slime (0/5) Lair:6
    Orc (2/2) D:10            Elf (3/3) Orc:2        Vaults (5/5) D:13
  Crypt (0/3) Vaults:2     Depths (5/5) D:15            Zot (0/5) Depths:5
Ossuary (visited)           IceCv (visited)

Altars:
Ashenzari
Cheibriados
Dithmenos
Elyvilon
Fedhas
Gozag
Hepliaklqana
Kikubaaqudgha
Makhleb
Nemelex Xobeh
Okawaru
Qazlal
Ru
Sif Muna
Trog
Uskayaw
Vehumet
Wu Jian
Xom
Yredelemnul
Zin
The Shining One
Beogh
Jiyva

Shops:
D:5 *   D:7 %   D:10 [   D:11 }   D:15 [   Orc:1 *   Orc:2 =*([?*
Snake:2 :}=}   Snake:4 *=   Vaults:4 }

Portals:
Hell: Depths:1 Depths:2 Depths:3 Depths:4 Depths:5
Abyss: Depths:2 Depths:4 Depths:5
Pandemonium: Depths:3
Ziggurat: Depths:5

Annotations:
Snake:2 1 runed translucent door, Nebesus's ghost, adept MiFi
Vaults:5 Frederick


Innate Abilities, Weirdness & Mutations

You are resistant to torment.
Your stone body is resilient. (AC +20)
You are immune to poison.
Your large and strong wings let you fly indefinitely.
You resist negative energy. (rN+)
You are resistant to electric shocks. (rElec)
You can survive without breathing.
You are immune to petrification.
You are immune to rotting.
You are frail. (-10% HP)
[You often lose your temper in combat.]
[Scrolls take you longer to read.]
[You are very clumsy. (Dex -4)]
[Your body often deteriorates upon taking damage.]
[Your magical capacity is very low. (-20% MP)]
[You sometimes yell uncontrollably at your foes.]
[You are occasionally teleported next to monsters.]
[Potions are poor at restoring your health.]
[Your spells are easier to cast, but less powerful.]


Message History

There is a gateway leading out of the Abyss here.
Your system partially rejects the healing.
You feel much better.
A starcursed mass splits.
You block the starcursed mass's attack. The starcursed mass closely misses you.
A deafening chorus of shrieks assaults your mind!
* * * LOW HITPOINT WARNING * * *
You suddenly lose the ability to move!
The starcursed mass engulfs you but does no damage. x2
You can move again.
You pass through the gate.
Welcome back to the Vaults!
Level annotation: Frederick You block the ettin's attack. x2
The ironheart preserver hits you but does no damage.
You block the ancient lich's attack.
An orc warlord comes into view.
It is wielding a +0 great sword and wearing a +2 chain mail of cold resistance.
The ettin closely misses you. The ettin barely misses you.
The yaktaur unwields a +0 arbalest.
The yaktaur wields a +0 dagger.
The yaktaur hits you with a +0 dagger.
You die...

#..(## #... #..##.
##..##....#.....
##.D.##....##....
#...(##....###...
##..z..#....#.##..
##p.@c..#....#..##.
.#####LCoOo..#....#...##
....cTc@pT(Go#....#.....
....cXX##o(zoop.........
############o.......####
........))........
.........<<)(.....
........<.)<).....
.........<<)(.....
######......).)###
.......).......


You could see Frederick, 2 starcursed masses, an orc warlord, an ironheart
preserver, a golden dragon, an ancient lich, a death knight, an orc knight, a
great orb of eyes, an ettin, 2 skeletal warriors, 2 deep trolls, a vault
sentinel, 4 yaktaurs, 3 orc warriors, an ogre, an orc priest and an orc.

Vanquished Creatures
  An ancient lich (Depths:4)
  Mara (Snake:4)
  3 juggernauts
  Boris (Vaults:5)
  A caustic shrike (Depths:2)
  Nikola (Snake:4)
  The ghost of TuffENuff the End of an Era, a veteran FoFi of Qazlal (Vaults:4)
  3 golden dragons
  A bone dragon (Depths:5)
  The ghost of Vypiut the Warrior, a veteran GrFi of Okawaru (Depths:5)
  8 liches
  Jorgrun (D:13)
  2 tentacled monstrosities
  5 titans
  3 deep elf blademasters (Elf:3)
  Asterion (Snake:4)
  A deep elf master archer (Elf:3)
  A quicksilver dragon (Depths:5)
  The ghost of Alter the Blocker, an adept GnFi of the Shining One (Shoals:4)
  4 tentacled starspawn
  3 krakens
  A sphinx (Vaults:5)
  6 shadow dragons
  Frances (D:12)
  An ancient champion (Vaults:2)
  Agnes (Elf:2)
  Gastronok (D:12)
  9 tengu reavers
  Polyphemus (Shoals:2)
  A thorn hunter (Abyss:3)
  2 storm dragons
  A draconian monk (Depths:5)
  A revenant (Vaults:2)
  10 nagarajas
  7 fire giants
  Kirke (D:14)
  The ghost of archon2 the Scorcher, an adept DEFE of Vehumet (Shoals:2)
  14 frost giants
  3 deep elf sorcerers
  A draconian knight (Depths:5)
  An orc warlord (Orc:2)
  Louise (Snake:3)
  11 vault wardens
  A draconian scorcher (Depths:5)
  Aizul (Vaults:4)
  9 deep elf elementalists
  13 ironheart preservers
  5 spriggan defenders
  2 ghouls
  16 very ugly things
  2 war gargoyles (Vaults:5)
  10 stone giants
  3 entropy weavers
  4 deep elf demonologists
  The ghost of Lutiheq the Grappler, a journeyman DrTm of Wu Jian (Lair:4)
  6 vampire knights
  A green draconian (Depths:5)
  4 white draconians (Depths:5)
  A red draconian (Depths:5)
  9 deep elf annihilators
  A spark wasp (Depths:5)
  The ghost of Kendiley23 the Cleaver, a journeyman MiBe of Trog (Lair:3)
  5 merfolk javelineers
  12 merfolk impalers
  16 ettins
  5 deep elf death magi
  Snorg (D:13)
  3 jiangshi (Depths:2)
  Josephine (D:13)
  8 fire dragons
  4 deep elf high priests
  11 great orbs of eyes
  20 yaktaur captains
  7 hydras
  A caustic shrike simulacrum (Depths:3)
  23 naga warriors
  7 spriggan air magi
  32 vault guards
  8 ice dragons
  Fannar (D:10)
  2 catoblepae
  A hell beast (Depths:1)
  2 satyrs
  A shambling mangrove (Abyss:3)
  9 rakshasas
  5 merfolk avatars
  9 centaur warriors
  9 anacondas
  39 two-headed ogres
  35 dancing weapons
  16 ogre magi
  8 death yaks
  9 merfolk aquamancers
  5 death knights
  5 tengu warriors
  2 deep troll earth magi
  An alligator snapping turtle (Shoals:2)
  4 deep troll shamans
  3 vampire magi (Depths:2)
  10 naga sharpshooters
  3 hell hogs (Abyss:5)
  A sun demon (Depths:1)
  2 orc high priests (Orc:2)
  19 deep elf knights
  A soul eater (Depths:1)
  11 shock serpents
  14 spriggan berserkers
  A shock serpent (shapeshifter) (Vaults:3)
  An iron troll (Depths:4)
  6 hell knights
  13 sea snakes
  An unseen horror (shapeshifter) (Depths:1)
  A spatial maelstrom (Abyss:5)
  2 wretched stars (Abyss:5)
  15 deep trolls
  3 unseen horrors
  A sixfirhy (Abyss:3)
  7 salamander mystics
  3 spriggan druids (Depths:4)
  10 skeletal warriors
  5 glowing orange brains
  4 flayed ghosts
  12 deep elf archers
  5 lindwurms
  9 orc knights
  4 naga ritualists
  A shadow dragon zombie (Depths:3)
  10 wizards
  7 phantasmal warriors
  8 ironbrand convokers
  4 wolf spiders
  7 necromancers
  16 harpies
  A tengu skeleton (Depths:3)
  14 mana vipers
  5 oklob plants
  4 orc sorcerers
  59 deep elf magi
  A wolf spider (shapeshifter) (Vaults:5)
  21 fauns
  8 worldbinders
  23 ugly things
  14 manticores
  A moth of wrath (Shoals:2)
  12 salamanders
  A fire giant skeleton (Depths:3)
  2 frost giant skeletons (Depths:3)
  3 cyclopes
  2 salamanders (shapeshifter)
  10 guardian serpents
  8 water nymphs
  3 ice statues (IceCv)
  11 merfolk sirens
  3 rust devils
  32 black mambas
  A spiny frog (shapeshifter) (Vaults:5)
  26 naga magi
  13 vault sentinels
  An orange demon (D:14)
  Psyche (D:12)
  A titan simulacrum (Depths:3)
  A torpor snail (Lair:6)
  A gargoyle (D:15)
  7 spiny frogs
  7 rime drakes
  A redback zombie (D:14)
  4 komodo dragons
  60 yaktaurs
  2 ice devils (Lair:3)
  2 spectral water nymphs (Shoals:4)
  5 tengu conjurers
  An efreet (D:14)
  11 freezing wraiths
  3 ancient zymes (Abyss:5)
  20 polar bears
  10 trolls
  A spectral harpy (Shoals:4)
  6 wind drakes
  A queen bee (shapeshifter) (Vaults:2)
  2 jumping spiders
  28 merfolk
  A meliai (shapeshifter) (Vaults:3)
  A troll (shapeshifter) (Vaults:3)
  18 hornets
  6 raiju (Abyss:3)
  5 dream sheep (Lair:4)
  36 slime creatures
  4 blink frogs (Lair:5)
  A spectral manticore (Shoals:4)
  A slime creature (shapeshifter) (D:15)
  3 hippogriffs (shapeshifter)
  A fire dragon zombie (Abyss:3)
  8 hippogriffs
  9 snapping turtles
  5 redbacks
  15 flying skulls (Abyss:5)
  A spectral wind drake (Shoals:4)
  34 spriggans
  3 shadows
  4 starcursed masses (Abyss:5)
  An elf skeleton (Depths:3)
  14 wraiths
  2 wyverns
  2 vampires (D:10)
  2 yaks (shapeshifter)
  3 ynoxinuls (Abyss:5)
  2 hogs (D:14)
  3 basilisks
  4 air elementals
  A tarantella (Vaults:1)
  6 fire elementals
  15 water elementals
  41 yaks
  2 hungry ghosts
  A catoblepas simulacrum (Lair:4)
  A chaos spawn (Abyss:3)
  A steam dragon (D:15)
  A neqoxec (Abyss:5)
  Menkaure (D:4)
  5 wargs
  A harpy simulacrum (Shoals:4)
  60 nagas
  A soldier ant (D:10)
  An acid dragon (D:12)
  12 water moccasins
  2 hydra simulacra
  7 large abominations
  5 porcupines
  Duvessa (D:4)
  7 hell hounds (D:14)
  44 orc warriors
  A floating eye (Depths:2)
  4 ice beasts
  An eye of draining (D:10)
  4 sky beasts
  6 black bears
  2 phantoms (D:6)
  44 ogres
  2 black mamba simulacra (Lair:4)
  22 wolves
  6 boggarts
  A necrophage (D:9)
  A crocodile (shapeshifter) (Depths:1)
  15 centaurs
  A spectral cyclops (Shoals:4)
  10 crocodiles
  3 big kobolds (D:13)
  23 bullfrogs
  2 elf zombies
  4 small abominations
  A gnoll sergeant (D:8)
  3 earth elementals
  A spiny frog simulacrum (Lair:3)
  Dowan (D:4)
  2 wyvern skeletons
  A water moccasin skeleton (D:6)
  A hornet simulacrum (D:15)
  3 blink frog simulacra
  3 scorpions
  15 killer bees
  16 wights
  An orc simulacrum (Vaults:1)
  A manticore simulacrum (Shoals:4)
  3 electric eels (D:13)
  A vampire bat (Lair:1)
  2 howler monkeys
  A rime drake simulacrum (Lair:4)
  A yaktaur simulacrum (Depths:1)
  3 human zombies (Ossuary)
  6 centaur zombies
  9 crimson imps
  2 quasits
  2 komodo dragon simulacra
  A hippogriff simulacrum (Shoals:4)
  5 jellies
  31 orc priests
  A water moccasin simulacrum (Lair:3)
  A cyclops simulacrum (Shoals:4)
  5 hounds
  39 orc wizards
  3 bullfrog skeletons
  4 centaur skeletons
  Jessica (D:4)
  Ijyb (D:3)
  2 iguanas
  10 worker ants
  A polar bear simulacrum (Lair:4)
  A yak simulacrum (Lair:3)
  2 big kobold zombies (Ossuary)
  A hound zombie (D:8)
  A hound skeleton (D:5)
  2 mummies (Ossuary)
  A howler monkey zombie (D:7)
  A worker ant zombie (D:5)
  18 gnolls
  12 adders
  6 shadow imps
  2 adder zombies
  An adder skeleton (D:6)
  A worm (D:3)
  2 dart slugs
  3 leopard geckos
  111 orcs
  3 giant cockroaches
  6 goblins
  6 hobgoblins
  10 jackals
  6 quokkas
  5 ball pythons
  A ball python (shapeshifter) (Elf:3)
  13 bats
  4 frilled lizards
  A giant cockroach zombie (D:6)
  2 goblin zombies (Ossuary)
  11 hobgoblin zombies (Ossuary)
  A jackal zombie (Ossuary)
  6 kobolds
  7 kobold zombies (Ossuary)
  A leopard gecko skeleton (D:5)
  7 orc zombies (Ossuary)
  5 rats
  A rat zombie (Ossuary)
  A bush (Shoals:2)
  2 plants (Shoals:2)
  2 starspawn tentacles (Abyss:5)
  4 tentacles
2222 creatures vanquished.

Vanquished Creatures (others)
  2 deep elf knights (Elf:2)
  A wolf spider (Vaults:4)
  A guardian serpent (Snake:4)
  A raiju (Abyss:5)
  A raiju (shapeshifter) (Vaults:2)
  4 spriggans (Depths:4)
  A water elemental (Elf:1)
  An air elemental (Elf:1)
  2 nagas
  An ogre (Vaults:1)
  A boggart (Depths:2)
  A bullfrog (shapeshifter) (Depths:2)
  An orc wizard (D:10)
  2 briar patches (Abyss:3)
  11 bushes (Depths:4)
  4 fungi
  3 plants
  8 starspawn tentacles (Abyss:5)
  13 tentacles
59 creatures vanquished.

Grand Total: 2281 creatures vanquished

Notes
Turn   | Place    | Note
-------+----------+-------------------------------------------
     0 | D:1      | Hugehornet the Gargoyle Fighter began the quest for the
                  | Orb.
     0 | D:1      | Reached XP level 1. HP: 14/14 MP: 1/1
   224 | D:1      | Reached XP level 2. HP: 19/19 MP: 2/2
  1346 | D:2      | Reached XP level 3. HP: 15/23 MP: 3/3
  2033 | D:3      | Noticed Ijyb
  2079 | D:3      | Killed Ijyb
  2079 | D:3      | Reached XP level 4. HP: 28/28 MP: 4/4
  2145 | D:3      | Found a shadowy altar of Dithmenos.
  2223 | D:3      | Reached skill level 5 in Maces & Flails
  2236 | D:3      | Reached XP level 5. HP: 32/32 MP: 5/5
  2976 | D:4      | Reached XP level 6. HP: 29/37 MP: 6/6
  3283 | D:4      | Noticed Duvessa
  3317 | D:4      | Killed Duvessa
  3317 | D:4      | Reached XP level 7. HP: 41/41 MP: 7/7
  3369 | D:4      | Noticed Dowan
  3377 | D:4      | Killed Dowan
  3502 | D:4      | Noticed Menkaure
  3521 | D:4      | Killed Menkaure
  3748 | D:4      | Found a sparkling altar of Nemelex Xobeh.
  3748 | D:4      | Noticed Jessica
  3753 | D:4      | Killed Jessica
  3890 | D:5      | Entered Level 5 of the Dungeon
  3976 | D:5      | Found Ricini's Assorted Antiques.
  4007 | D:5      | Reached XP level 8. HP: 18/46 MP: 8/8
  4877 | D:6      | Reached skill level 10 in Maces & Flails
  5203 | D:6      | Reached XP level 9. HP: 51/51 MP: 9/9
  5269 | D:6      | Found a staircase to the Ecumenical Temple.
  5321 | Temple   | Entered the Ecumenical Temple
  5408 | Temple   | Became a worshipper of Warmaster Okawaru
  5487 | D:6      | You fall into a shaft and drop 2 floors!
  5524 | D:8      | Found the cursed +13 scythe of Curses {drain, *Curse}
  5565 | D:8      | Found a sand-covered staircase.
  5575 | Ossuary  | Entered an ossuary
  5908 | D:8      | Reached * piety under Okawaru
  6480 | D:6      | Found an ornate altar of the Wu Jian Council.
  6692 | D:7      | Reached XP level 10. HP: 37/56 MP: 10/10
  6898 | D:7      | Reached ** piety under Okawaru
  6920 | D:7      | Found Kutaxkat's Food Shoppe.
  7327 | D:7      | Found a bloodstained altar of Trog.
  7560 | D:8      | Noticed a two-headed ogre
  7568 | D:8      | Killed a two-headed ogre
  7949 | D:8      | Found a hide-covered altar of Uskayaw.
  7952 | D:8      | Noticed a +0 hand axe
  7953 | D:8      | Noticed a +0 hand axe
  8151 | D:9      | Noticed an angel
  8152 | D:9      | Found a shimmering altar of Xom.
  8153 | D:9      | Found a glowing silver altar of Zin.
  8157 | D:9      | Reached *** piety under Okawaru
  8178 | D:9      | Reached skill level 15 in Maces & Flails
  8216 | D:9      | You fall into a shaft and drop 1 floor!
  8216 | D:10     | Entered Level 10 of the Dungeon
  8409 | D:9      | Reached XP level 11. HP: 36/60 MP: 11/11
  8618 | D:9      | Noticed a death yak
  8618 | D:9      | Noticed a death yak
  8619 | D:9      | Noticed a death yak
  8634 | D:9      | Noticed a death yak
  8636 | D:9      | Noticed a death yak
  8637 | D:9      | Killed a death yak
  8650 | D:9      | Killed a death yak
  8650 | D:9      | Reached **** piety under Okawaru
  8655 | D:9      | Killed a death yak
  8662 | D:9      | Killed a death yak
  8662 | D:9      | Reached skill level 5 in Fighting
  8670 | D:9      | Killed a death yak
  8873 | D:9      | Found a staircase to the Lair.
  9147 | D:10     | Reached ***** piety under Okawaru
  9304 | D:10     | Received a gift from Okawaru
  9469 | D:10     | Found Ocuery's Antique Armour Shop.
  9565 | D:10     | Bought a shiny large shield for 135 gold pieces
  9565 | D:10     | Bought a glowing plate armour for 468 gold pieces
  9645 | D:10     | Noticed Fannar
  9667 | D:10     | Killed Fannar
  9693 | D:10     | Reached XP level 12. HP: 77/77 MP: 12/12
  9752 | D:10     | Reached skill level 10 in Fighting
  9758 | D:10     | Found a staircase to the Orcish Mines.
 10618 | D:11     | Found the +9 staff of Olgreb {rPois}
 10663 | D:11     | Found Huofu's Gadget Shoppe.
 10689 | D:11     | Reached skill level 4 in Armour
 10988 | D:11     | Got a slimy flail
 10989 | D:11     | Identified the +9 flail "Wuibrij" {crush, Str+6 Stlth+}
                  | (You found it on level 11 of the Dungeon)
 11482 | Lair:1   | Entered Level 1 of the Lair of Beasts
 11536 | Lair:1   | Reached skill level 5 in Armour
 11755 | Lair:1   | Noticed a six-headed hydra
 11764 | Lair:1   | Killed a six-headed hydra
 11764 | Lair:1   | Reached skill level 6 in Armour
 12474 | Lair:2   | Found a staircase to the Shoals.
 12484 | Lair:2   | Reached skill level 7 in Armour
 12784 | Lair:2   | Found a staircase to the Snake Pit.
 12790 | Lair:2   | Reached skill level 8 in Armour
 12962 | Lair:2   | Received a gift from Okawaru
 12971 | Lair:2   | Got a pair of slimy boots {god gift}
 12977 | Lair:2   | Identified the +1 pair of boots of Yesterday {Str+3 Int+4}
                  | (Okawaru gifted it to you on level 2 of the Lair of Beasts)
 13381 | Lair:2   | Reached skill level 9 in Armour
 13596 | Lair:2   | Got a bound garnet amulet
 13613 | Lair:2   | Identified the amulet of the Devil's Team {Gourm Int+3}
                  | (You found it on level 2 of the Lair of Beasts)
 13839 | Lair:3   | Noticed Kendiley23's ghost (journeyman MiBe)
 13855 | Lair:3   | Found a frozen archway.
 13869 | Lair:3   | Reached skill level 10 in Armour
 13876 | IceCv    | Entered an ice cave
 13908 | IceCv    | Reached skill level 5 in Shields
 14105 | IceCv    | Reached XP level 13. HP: 82/82 MP: 13/13
 14475 | IceCv    | Noticed a frost giant
 14504 | IceCv    | Killed a frost giant
 14699 | IceCv    | Got a pitted halberd
 14701 | IceCv    | Got a dazzling glaive
 14862 | Lair:3   | Found a runed translucent gate.
 14864 | Lair:3   | Found a runed translucent gate.
 14867 | Lair:3   | Found a runed translucent gate.
 14964 | Lair:3   | Reached skill level 10 in Shields
 15779 | Lair:4   | Noticed Lutiheq's ghost (journeyman DrTm)
 15805 | Lair:4   | Found a runed translucent gate.
 16025 | Lair:4   | Reached ****** piety under Okawaru
 16124 | Lair:4   | Received a gift from Okawaru
 16238 | Lair:4   | Found a runed translucent gate.
 16238 | Lair:4   | Found a runed translucent gate.
 16580 | Lair:4   | Killed Lutiheq's ghost
 16664 | Lair:4   | Got the ring of Secrets {Fire}
 16666 | Lair:4   | Identified the ring of Secrets {Fire Int+6} (You found it
                  | on level 4 of the Lair of Beasts)
 16672 | Lair:4   | Got a serpentine brass ring
 16674 | Lair:4   | Identified the ring of Westol {Fire MR+} (You found it on
                  | level 4 of the Lair of Beasts)
 16709 | Lair:4   | Received a gift from Okawaru
 16883 | Lair:3   | Killed Kendiley23's ghost
 17196 | Lair:5   | Gained mutation: Your large and strong wings let you fly
                  | indefinitely. [Gargoyle growth]
 17196 | Lair:5   | Reached XP level 14. HP: 86/88 MP: 17/17
 17199 | Lair:5   | Reached skill level 5 in Invocations
 17763 | Lair:6   | Entered Level 6 of the Lair of Beasts
 18263 | Lair:6   | Reached skill level 1 in Evocations
 18312 | Lair:6   | Received a gift from Okawaru
 18401 | Lair:6   | Found a viscous altar of Jiyva.
 18402 | Lair:6   | Found a staircase to the Slime Pits.
 18767 | Lair:6   | Reached skill level 5 in Evocations
 19403 | D:12     | Found a shimmering blue altar of Sif Muna.
 19418 | D:12     | Noticed Gastronok
 19465 | D:12     | Killed Gastronok
 19896 | D:12     | Received a gift from Okawaru
 19962 | D:12     | Noticed Frances
 19983 | D:12     | Killed Frances
 20153 | D:12     | Noticed Psyche
 20156 | D:12     | Killed Psyche
 20186 | D:13     | Noticed Jorgrun
 20207 | D:13     | Killed Jorgrun
 20245 | D:13     | Reached XP level 15. HP: 51/92 MP: 21/21
 20678 | D:13     | Received a gift from Okawaru
 20692 | D:13     | Identified the +3 buckler of Lethargy {rPois rF++ Int+3
                  | Dex-5} (Okawaru gifted it to you on level 13 of the
                  | Dungeon)
 20836 | D:13     | Noticed Snorg
 20847 | D:13     | Killed Snorg
 20934 | D:13     | Noticed Josephine
 20940 | D:13     | Reached skill level 15 in Shields
 20947 | D:13     | Reached skill level 1 in Dodging
 20963 | D:13     | Found the +10 zealot's sword {holy, *Rage rN+ EV+3}
 20983 | D:13     | Killed Josephine
 21076 | D:13     | Found a gate to the Vaults.
 21579 | D:14     | Reached skill level 5 in Dodging
 21745 | D:14     | Noticed Kirke
 21755 | D:14     | Killed Kirke
 21755 | D:14     | Received a gift from Okawaru
 21758 | D:14     | Got a pair of twisted boots {god gift}
 21959 | D:14     | Reached skill level 11 in Armour
 22017 | D:14     | Identified the +1 pair of boots of Jigsaw {rPois rC+}
                  | (Okawaru gifted it to you on level 14 of the Dungeon)
 22059 | D:14     | Found a runed translucent door.
 22551 | D:14     | Reached skill level 12 in Armour
 22570 | D:14     | You fall into a shaft and drop 1 floor!
 22570 | D:15     | Entered Level 15 of the Dungeon
 23003 | D:15     | Found Acsiass's Armour Emporium.
 23011 | D:15     | Bought a scarf of repulsion for 132 gold pieces
 23067 | D:15     | Reached XP level 16. HP: 93/97 MP: 22/22
 23151 | D:15     | Found a staircase to the Depths.
 23158 | D:15     | Reached skill level 13 in Armour
 23590 | D:15     | Received a gift from Okawaru
 24286 | Snake:1  | Entered Level 1 of the Snake Pit
 24449 | Snake:1  | Reached skill level 14 in Armour
 24539 | Snake:1  | Found the +3 pair of gauntlets of War {Slay+5}
 25205 | Snake:2  | Noticed a nagaraja
 25220 | Snake:2  | Killed a nagaraja
 25229 | Snake:2  | Reached skill level 15 in Armour
 25527 | Snake:2  | Found Lutiety's Book Emporium.
 25915 | Snake:2  | Found a runed translucent door.
 25927 | Snake:2  | Noticed Nebesus's ghost (adept MiFi)
 25944 | Snake:2  | Received a gift from Okawaru
 25960 | Snake:2  | Got an encrusted chain mail {god gift}
 25971 | Snake:2  | Identified the +1 chain mail "Japoppax" {Int+4 Stlth+}
                  | (Okawaru gifted it to you on level 2 of the Snake Pit)
 26337 | Snake:2  | Found Ceraum's Gadget Emporium.
 26337 | Snake:2  | Found Daroprie's Jewellery Boutique.
 26338 | Snake:2  | Found Saacwaus's Gadget Emporium.
 27064 | Snake:3  | Reached XP level 17. HP: 109/109 MP: 23/23
 27160 | Snake:3  | Noticed Louise
 27180 | Snake:3  | Killed Louise
 27307 | Snake:3  | Received a gift from Okawaru
 27595 | Snake:4  | Entered Level 4 of the Snake Pit
 27820 | Snake:4  | Reached skill level 15 in Fighting
 27842 | Snake:4  | Found Rulevih's Jewellery Shop.
 27842 | Snake:4  | Found Bistiq's Assorted Antiques.
 27849 | Snake:4  | Reached skill level 1 in Axes
 27966 | Snake:4  | Noticed Asterion
 27979 | Snake:4  | Killed Asterion
 28080 | Snake:4  | Received a gift from Okawaru
 28613 | Snake:4  | Reached skill level 5 in Axes
 28626 | Snake:4  | Noticed Mara
 28629 | Snake:4  | Noticed Hugehornet's illusion
 28881 | Snake:4  | Noticed Nikola
 28933 | Snake:4  | Noticed Hugehornet's illusion
 28961 | Snake:4  | Killed Nikola
 28971 | Snake:4  | Noticed Hugehornet's illusion
 29006 | Snake:4  | Killed Mara
 29213 | Snake:4  | Reached XP level 18. HP: 96/119 MP: 24/24
 29495 | Snake:4  | Received a gift from Okawaru
 29783 | Snake:4  | Received a gift from Okawaru
 29925 | Snake:4  | Got a serpentine rune of Zot
 30113 | Shoals:1 | Entered Level 1 of the Shoals
 30232 | Shoals:1 | Received a gift from Okawaru
 30335 | Shoals:1 | Identified the +1 halberd of Pothif {chop, rPois Str+5}
                  | (Okawaru gifted it to you on level 1 of the Shoals)
 30759 | Shoals:1 | Reached skill level 10 in Dodging
 31214 | Shoals:2 | Noticed Polyphemus
 31242 | Shoals:2 | Killed Polyphemus
 31254 | Shoals:2 | Received a gift from Okawaru
 31579 | Shoals:2 | Reached XP level 19. HP: 124/124 MP: 25/25
 31738 | Shoals:2 | Reached skill level 16 in Armour
 31778 | Shoals:2 | Got a heavily runed animal skin
 31789 | Shoals:2 | Identified the cursed +0 animal skin "Paameng" {Str+3} (You
                  | found it on level 2 of the Shoals)
 31972 | Shoals:2 | Found a transporter.
 31974 | Shoals:2 | Found a transporter.
 31989 | Shoals:2 | Found a bloodstained altar of Trog.
 32002 | Shoals:2 | Identified the +5 demon trident of the Endless Expanse
                  | {elec, *Drain Int+7 SInv}
 32002 | Shoals:2 | Identified the +9 trident of Exquisite Torment {flame,
                  | rElec MR+ Dex+3}
 32002 | Shoals:2 | Noticed archon2's ghost (adept DEFE)
 32145 | Shoals:2 | Killed archon2's ghost
 32448 | Shoals:3 | Received a gift from Okawaru
 32628 | Shoals:3 | Reached skill level 17 in Armour
 33525 | Shoals:4 | Entered Level 4 of the Shoals
 33926 | Shoals:4 | Received a gift from Okawaru
 33940 | Shoals:4 | Reached skill level 18 in Armour
 34005 | Shoals:4 | Got a translucent broad axe {god gift}
 34006 | Shoals:4 | Identified the +2 broad axe of Disorder {flame, +Inv rPois
                  | SInv} (Okawaru gifted it to you on level 4 of the Shoals)
 34241 | Shoals:4 | Got a barnacled rune of Zot
 34299 | Shoals:4 | Received a gift from Okawaru
 34357 | Shoals:4 | Found a runed translucent gate.
 34357 | Shoals:4 | Found a runed translucent gate.
 34357 | Shoals:4 | Found a runed translucent gate.
 34357 | Shoals:4 | Noticed Alter's ghost (adept GnFi)
 34607 | Shoals:4 | Killed Alter's ghost
 34607 | Shoals:4 | Received a gift from Okawaru
 34607 | Shoals:4 | Reached skill level 19 in Armour
 34893 | Orc:1    | Entered Level 1 of the Orcish Mines
 35277 | Orc:2    | Entered Level 2 of the Orcish Mines
 35278 | Orc:2    | Found a staircase to the Elven Halls.
 35281 | Orc:2    | Paralysed by an orc sorcerer for 2 turns
 35324 | Orc:2    | Found Zeisk's Assorted Antiques.
 35572 | Orc:2    | Reached XP level 20. HP: 79/129 MP: 18/26
 35599 | Orc:2    | Found Lietzab's Antique Armour Shop.
 35817 | Orc:2    | Found a roughly hewn altar of Beogh.
 35834 | Orc:2    | Found Hycyoq's Antique Weapon Boutique.
 35905 | Orc:2    | Found a roughly hewn altar of Beogh.
 36005 | Orc:2    | Found Umawug's Jewellery Boutique.
 36207 | Orc:2    | Found a roughly hewn altar of Beogh.
 36243 | Orc:2    | Found a roughly hewn altar of Beogh.
 36244 | Orc:2    | Found Jisch's Assorted Antiques.
 36344 | Orc:2    | Bought a potion of heal wounds for 140 gold pieces
 36367 | Orc:2    | Found a roughly hewn altar of Beogh.
 36368 | Orc:2    | Found Pauc's Magic Scroll Emporium.
 36401 | Orc:2    | Bought a scroll of identify for 28 gold pieces
 36401 | Orc:2    | Bought a scroll of identify for 28 gold pieces
 36401 | Orc:2    | Bought a scroll of identify for 28 gold pieces
 36439 | Orc:1    | Found a roughly hewn altar of Beogh.
 36465 | Orc:1    | Found Eruock's Assorted Antiques.
 36656 | Orc:1    | You are sucked into a shaft and drop 1 floor!
 36672 | Elf:1    | Entered Level 1 of the Elven Halls
 37078 | Elf:1    | Reached skill level 20 in Armour
 37517 | Elf:1    | Identified Yhaif's Volume of the Aged Realms
 37846 | Elf:1    | Received a gift from Okawaru
 38121 | Elf:2    | Noticed Agnes
 38134 | Elf:2    | Killed Agnes
 38800 | Elf:2    | Found a huge runed translucent gate.
 38800 | Elf:2    | Found a huge runed translucent gate.
 38801 | Elf:2    | Found a huge runed translucent gate.
 38802 | Elf:2    | Found a huge runed translucent gate.
 38807 | Elf:2    | Found a huge runed translucent gate.
 38983 | Elf:2    | Received a gift from Okawaru
 39586 | Elf:3    | Entered Level 3 of the Elven Halls
 39638 | Elf:3    | Cast into level 3 of the Abyss (+0 halberd of distortion)
 39753 | Abyss:3  | Reached XP level 21. HP: 44/134 MP: 27/27
 40100 | Elf:3    | Escaped the Abyss
 40246 | Elf:3    | Received a gift from Okawaru
 40452 | Elf:3    | Received a gift from Okawaru
 40524 | Elf:3    | HP: 5/134 [Tzitzimitl/bolt of negative energy[a deep elf
                  | demonologist] (18)]
 40677 | Elf:3    | Identified the ring "Juezux" {Str+6 Dex+3}
 40850 | Elf:3    | Gained mutation: [You occasionally shout uncontrollably at
                  | your foes.] [a cacodemon]
 40962 | Elf:3    | Identified the ring "Pughuuw" {Wiz Dex+4}
 41208 | Elf:3    | Identified the Incunabulum of the Earthen Voyage
 41236 | Elf:3    | Got a crude helmet
 41247 | Elf:3    | Identified the cursed +0 helmet of the Bells {Str+2} (You
                  | found it on level 3 of the Elven Halls)
 41266 | Elf:3    | Got a shimmering war axe
 41267 | Elf:3    | Identified the cursed +0 war axe "Gufacsas" {chop, rPois
                  | rC+ MR+ Str+3} (You found it on level 3 of the Elven Halls)
 41885 | Depths:1 | Entered Level 1 of the Depths
 41899 | Depths:1 | Received a gift from Okawaru
 42134 | Depths:1 | Received a gift from Okawaru
 42154 | Depths:1 | Found a bloodstained altar of Trog.
 42386 | Depths:1 | Found a gateway to Hell.
 43069 | Depths:2 | Reached XP level 22. HP: 69/144 MP: 23/28
 43135 | Depths:2 | Identified a scroll of acquirement
 43167 | Depths:2 | Paralysed by a floating eye for 2 turns
 43190 | Depths:2 | Noticed a golden dragon
 43202 | Depths:2 | Killed a golden dragon
 43536 | Depths:2 | Noticed a caustic shrike
 43551 | Depths:2 | Killed a caustic shrike
 43551 | Depths:2 | Received a gift from Okawaru
 43579 | Depths:2 | Paralysed by a wizard for 6 turns
 43842 | Depths:2 | Noticed a juggernaut
 43854 | Depths:2 | Killed a juggernaut
 43898 | Depths:2 | Received a gift from Okawaru
 44015 | Depths:2 | Found a one-way gate to the infinite horrors of the Abyss.
 45034 | Depths:3 | Noticed a juggernaut
 45055 | Depths:3 | Killed a juggernaut
 45055 | Depths:3 | Received a gift from Okawaru
 45679 | Depths:3 | Received a gift from Okawaru
 45688 | Depths:3 | You are sucked into a shaft and drop 1 floor!
 45743 | Depths:4 | Reached XP level 23. HP: 102/156 MP: 23/29
 46113 | Depths:4 | Reached skill level 21 in Armour
 46130 | Depths:4 | Received a gift from Okawaru
 46178 | Depths:4 | Got a brightly glowing helmet {god gift}
 46189 | Depths:4 | Identified the +2 helmet "Forgh" {rPois Slay+3} (Okawaru
                  | gifted it to you on level 4 of the Depths)
 46546 | Depths:4 | Found a runed translucent door.
 46549 | Depths:4 | Found a radiant altar of Vehumet.
 46549 | Depths:4 | Noticed an ancient lich
 47094 | Depths:3 | Identified the +10 plate armour "Oputzeug" {rN+ Dex+4} (You
                  | found it on level 3 of the Depths)
 47199 | Depths:3 | Reached skill level 22 in Armour
 47199 | Depths:3 | Reached XP level 24. HP: 135/163 MP: 29/29
 47415 | Depths:3 | Found a one-way gate leading to the halls of Pandemonium.
 47549 | Depths:3 | Found an iron altar of Okawaru.
 47948 | Depths:4 | Killed an ancient lich
 47967 | Depths:4 | Identified Oxaragh's Reference Book on Confrontation
 48030 | Depths:5 | Entered Level 5 of the Depths
 48057 | Depths:5 | Noticed a juggernaut
 48069 | Depths:5 | Found a runed translucent gate.
 48071 | Depths:5 | Found a runed translucent gate.
 48084 | Depths:5 | Noticed Vypiut's ghost (veteran GrFi)
 48088 | Depths:5 | Reached skill level 23 in Armour
 48089 | Depths:5 | Found a runed translucent gate.
 48207 | Depths:5 | Found a gate to the Realm of Zot.
 48227 | Depths:5 | Received a gift from Okawaru
 48333 | Depths:5 | Found a snail-covered altar of Cheibriados.
 48341 | Depths:5 | Found a gateway to a ziggurat.
 49614 | Depths:5 | Killed a juggernaut
 49614 | Depths:5 | Reached XP level 25. HP: 120/168 MP: 23/29
 49628 | Depths:5 | Reached skill level 24 in Armour
 49710 | Depths:5 | Killed Vypiut's ghost
 50181 | Vaults:1 | Entered Level 1 of the Vaults
 50230 | Vaults:1 | Received a gift from Okawaru
 50369 | Vaults:1 | Got a pitted war axe {god gift}
 50370 | Vaults:1 | Identified the +1 war axe of Decas {chop, rC+ Str+3}
                  | (Okawaru gifted it to you on level 1 of the Vaults)
 50681 | Vaults:1 | Received a gift from Okawaru
 50842 | Vaults:1 | Reached skill level 25 in Armour
 50958 | Vaults:1 | Received a gift from Okawaru
 51583 | Vaults:2 | Found a staircase to the Crypt.
 52762 | Vaults:3 | Received a gift from Okawaru
 52790 | Vaults:3 | Identified the +2 mace of a Million Seas {venom, +Fly}
                  | (Okawaru gifted it to you on level 3 of the Vaults)
 52948 | Vaults:3 | Paralysed by an ogre mage for 4 turns
 53320 | Vaults:3 | Reached XP level 26. HP: 168/174 MP: 29/29
 53454 | Vaults:3 | Got a wavering copper amulet
 53691 | Vaults:3 | Received a gift from Okawaru
 53712 | Vaults:3 | Got an encrusted flail {god gift}
 53713 | Vaults:3 | Identified the amulet "Atoeji" {Gourm rElec rC+} (You found
                  | it on level 3 of the Vaults)
 53715 | Vaults:3 | Identified the +1 flail "Bosow" {holy, +Rage rF+} (Okawaru
                  | gifted it to you on level 3 of the Vaults)
 54080 | Vaults:4 | Found a runed translucent door.
 54082 | Vaults:4 | Noticed TuffENuff's ghost (veteran FoFi)
 54199 | Vaults:4 | Found Rotoagis's Gadget Emporium.
 54472 | Vaults:4 | Noticed Aizul
 54485 | Vaults:4 | Killed Aizul
 54621 | Vaults:4 | Received a gift from Okawaru
 54632 | Vaults:4 | Got a scorched mace {god gift}
 54633 | Vaults:4 | Identified the +9 mace "Itifenwo" {drain, rF+ SInv}
                  | (Okawaru gifted it to you on level 4 of the Vaults)
 55199 | Vaults:4 | Killed TuffENuff's ghost
 55206 | Vaults:4 | Got a bound granite ring
 55207 | Vaults:4 | Identified the Handbook of Conjuration and Heat
 55221 | Vaults:4 | Identified the ring "Omuossukk" {+Blink Stlth-} (You found
                  | it on level 4 of the Vaults)
 55249 | Vaults:5 | Entered Level 5 of the Vaults
 55409 | Vaults:5 | Received a gift from Okawaru
 55810 | Vaults:5 | Received a gift from Okawaru
 55810 | Vaults:5 | Reached XP level 27. HP: 144/179 MP: 29/29
 56061 | Vaults:5 | Noticed Boris
 56077 | Vaults:5 | Killed Boris
 56335 | Vaults:5 | Noticed an ancient lich
 56345 | Vaults:5 | Noticed Frederick
 56373 | Vaults:5 | Cast into level 5 of the Abyss (an ancient lich)
 56373 | Abyss:5  | Entered Level 5 of the Abyss
 56414 | Abyss:5  | Reached skill level 26 in Armour
 56516 | Abyss:5  | Gained mutation: You are frail. (-10% HP) [a neqoxec]
 56661 | Abyss:5  | Paralysed by accursed screaming for 1 turns
 56668 | Abyss:5  | HP: 5/161 [starcursed mass/accursed screaming (11)]
 56670 | Abyss:5  | HP: 1/161 [starcursed mass/accursed screaming (12)]
 56670 | Abyss:5  | Paralysed by accursed screaming for 1 turns
 56671 | Vaults:5 | Escaped the Abyss
 56671 | Vaults:5 | Slain by a yaktaur

Levels and vault maps discovered:
D:1:      dpeg_arrival_stone_temple_mockup, layout_basic
D:2:      layout_basic, serial_rivers, chequers_serial_rivers_marsh,
          chequers_serial_rivers_micro_c, chequers_serial_rivers_small_3,
          chequers_serial_rivers_micro_d
D:3:      layout_loops_ring, first_ration,
          nicolae_dithmenos_through_a_glass_darkly, uniq_ijyb
D:4:      layout_basic, nemelex_lonely_heart_becter, uniq_duvessa, uniq_menkaure
D:5:      layout_basic, serial_shops, nicolae_shop_waterfront, corexii_shack
D:6:      minmay_recursive_quarters, layout_basic, overflow_temple_1_default,
          minmay_temple_entry_statues_fountains
D:7:      layout_basic, basic_altar, serial_shops, shop
D:8:      layout_gridville, dancing_weapons_uskayaw, nicolae_ossuary_entry_ruins
D:9:      layout_big_octagon, grunt_temple_overflow_order_and_chaos_1,
          dpeg_lair_monsters
D:10:     layout_loops_ring, david_orc_4, serial_shops, shop,
          hangedman_pestilent_swarm, uniq_fannar
D:11:     layout_grid_maze, serial_shops, nicolae_shop_stone
D:12:     layout_basic, basic_altar, uniq_frances, uniq_gastronok, uniq_psyche
D:13:     layout_roguey, hangedman_vaults_entry_quadrant_bands,
          kennysheep_boxes, uniq_josephine, uniq_snorg, uniq_jorgrun
D:14:     mludivico_vault, layout_irregular_city, hangedman_decor_peaks_small,
          uniq_kirke
D:15:     hangedman_depths_entry_try_elsewhere_first, layout_gridville,
          serial_shops, shop
Temple:   regret_index_temple_mists
Lair:1:   layout_cave_pods, roderic_batcave
Lair:2:   layout_hall_layers, minmay_shoals_entry_beasts,
          minmay_snake_entry_guardpost_small, minmay_lair_oklob_chamber,
          grunt_megastairs_3
Lair:3:   layout_long_grid, gammafunk_ghost_icy, portal_ice_cave_demonic_guard
Lair:4:   wander_river, layout_cave_shapes, gammafunk_ghost_icy
Lair:5:   layout_regular_city, lemuel_fruit_tree, infiniplex_staircase_pool
Lair:6:   minmay_lair_end_enchanted_forest, layout_cave_pods, slime_altar_1
Shoals:1: layout_shoals, st_sunken_huts
Shoals:2: argonaut_golden_fleece, layout_shoals,
          gammafunk_ghost_wrathful_warriors, nicolae_shoals_this_corrosion,
          uniq_polyphemus
Shoals:3: layout_shoals, nicolae_shoals_cliffside_cave
Shoals:4: shoals_end_simple, layout_shoals, gammafunk_ghost_necromancy
Snake:1:  layout_cave_pods, grunt_megastairs_2
Snake:2:  layout_layer_cave, serial_shops, shop, ebering_ghost_inner_flame,
          grunt_ministairs_1, st_stairs_9, minmay_shop_grove
Snake:3:  layout_gridlike, grunt_ministairs_2, uniq_louise
Snake:4:  snake_pit_salamanders_mu, layout_rooms, minmay_shoptagon, uniq_mara,
          uniq_nikola, uniq_asterion
Orc:1:    layout_caves, basic_altar, serial_shops, nicolae_shop_trees
Orc:2:    grunt_orc_community_town_hall, layout_caves,
          grunt_orc_community_big_house_1, grunt_orc_community_big_house_1,
          grunt_orc_community_house_3, grunt_orc_community_house_2,
          grunt_orc_community_house_2, grunt_orc_community_house_1,
          serial_shops, shop_fountains, shop_fountains
Elf:1:    layout_geoelf_grid, minivault_28, minmay_elf_necromancy
Elf:2:    layout_geoelf_octagon, st_stairs_11, hangedman_corner_corridor,
          uniq_agnes
Elf:3:    minmay_elf_hall_statues, layout_geoelf_diagonals
Vaults:1: hangedman_vaults_trim, nicolae_vaults_an_arrangement, v_rooms_4,
          vaults_room_fancy_cross, hangedman_vaults_stretched_pinwheel,
          vaults_room_semicircle, ontoclasm_vaults_fault, vaults_room_fours,
          vaults_dpeg_encased_lava, hangedman_vaults_slice,
          layout_vaults_quadrants
Vaults:2: vaults_room_grid, hangedman_vaults_capsules, grunt_vaults_focal,
          nicolae_vaults_specimen_jars, v_misc_12,
          minmay_crypt_entry_simple_box, st_cross,
          nicolae_vaults_little_squares_5, v_misc_27, grunt_vaults_trifunnel,
          ontoclasm_vaults_bender, ontoclasm_vaults_hangar, v_misc_15,
          ontoclasm_vaults_shuriken, vaults_room_pools, layout_vaults_big_cross
Vaults:3: nicolae_vaults_border_crossing, vaults_room_grid,
          nicolae_vaults_network_periphery, grunt_vaults_funnel,
          nicolae_vaults_angled_halls, nicolae_vaults_fighting_squares,
          vaults_dpeg_cross, nicolae_vaults_mini_display_case,
          nicolae_vaults_ring_of_whatevers, layout_vaults_big_room
Vaults:4: ebering_vaults_ghost_reflecting_pool, serial_ice_b, v_rooms_1,
          vaults_mumra_hexcomb, grunt_vaults_hallway_long,
          nicolae_vaults_little_squares_3, ontoclasm_vaults_tryst,
          hangedman_vaults_stagger, vaults_room_boxed, vaults_room_door_ring,
          vaults_dpeg_hooks, v_alt_pattern_6, ontoclasm_vaults_pinch,
          layout_vaults_maze_bifur, serial_shops, shop, uniq_aizul
Vaults:5: serial_shops, uniq_frederick, uniq_boris
Depths:1: layout_long_grid, grunt_mini_vestibule,
          chequers_serial_rivers_small_a, evilmike_spriggan_trog_shrine,
          serial_bayou_shore_a
Depths:2: minmay_the_grid_square_5x5_5x5 [minmay_the_grid_square_5x5_bridge,
          minmay_the_grid_square_5x5_half_checkered,
          minmay_the_grid_square_5x5_three_walls,
          minmay_the_grid_square_5x5_six, minmay_the_grid_square_5x5_shrine2,
          minmay_the_grid_square_5x5_minibox,
          minmay_the_grid_square_5x5_prize_junk,
          minmay_the_grid_square_5x5_broken_cross,
          minmay_the_grid_square_5x5_prize_pseudospiral,
          minmay_the_grid_square_5x5_c,
          minmay_the_grid_square_5x5_sharp_hourglass,
          minmay_the_grid_square_5x5_shrine1,
          minmay_the_grid_square_5x5_prize_deathbox,
          minmay_the_grid_square_5x5_plus, minmay_the_grid_square_5x5_fat_x,
          minmay_the_grid_square_5x5_misaligned,
          minmay_the_grid_square_5x5_prize_snowflake,
          minmay_the_grid_square_5x5_two_walls_a,
          minmay_the_grid_square_5x5_prize_itemx,
          minmay_the_grid_square_5x5_two, minmay_the_grid_square_5x5_tie,
          minmay_the_grid_square_5x5_longway,
          minmay_the_grid_square_5x5_percent,
          minmay_the_grid_square_5x5_two_small,
          minmay_the_grid_square_5x5_mess], layout_long_grid,
          nicolae_abyss_entry_one_way_or_another, hell_entry,
          infiniplex_staircase_zigzag_4
Depths:3: minmay_strange_plus, layout_cave_shapes, rand_demon_pan_entry_5,
          okawaru_ov_weapons_minmay, hell_entry, evilmike_minifort,
          infiniplex_staircase_pillars_2
Depths:4: minmay_spriggan_fort, layout_gridlike, hangedman_abyss_entry_splay,
          nicolae_two_hexagons, hell_entry, grunt_absolute_annihilation
Depths:5: grunt_zot_entry_funnels, layout_cave_pools, enter_ziggurat_d,
          gammafunk_ghost_split, abyss_entry_crystal, hell_entry,
          cheibriados_altar_1

Skill      XL: |  1  2  3  4  5  6  7  8  9 10 11 12 13 14 15 16 17 18 19 20 21 22 23 24 25 26 27 |
---------------+----------------------------------------------------------------------------------+-----
Maces & Flails | 3 4 5 6 7 9 11 13 15 16 | 16.0
Fighting       | 9 10 13 15 17 20 | 20.0
Armour         | 10 12 15 19 20 22 23 25 26 | 26.2
Shields        | 6 12 14 15 18 20 21 24 25 | 25.0
Invocations    | 4 8 |  8.0
Evocations     | 5 |  5.0
Dodging        | 5 10 | 10.0
Axes           | 8 |  8.5

Action                   |  1- 3 |  4- 6 |  7- 9 | 10-12 | 13-15 | 16-18 | 19-21 | 22-24 | 25-27 || total
-------------------------+-------+-------+-------+-------+-------+-------+-------+-------+-------++-------
Melee: Flail             |   186 |     6 |       |   208 |  1250 |   705 |       |       |       ||  2355
       Mace              |       |   168 |   217 |       |       |       |       |       |       ||   385
       Morningstar       |       |       |   293 |   467 |       |       |       |       |       ||   760
       Demon whip        |       |       |       |       |       |   800 |  2237 |  1108 |  1755 ||  5900
       Eveningstar       |       |       |       |       |       |       |       |    11 |       ||    11
       Broad axe         |       |       |       |       |       |       |       |       |     1 ||     1
Throw: Boomerang         |       |       |       |     4 |       |       |       |       |       ||     4
       Javelin           |       |       |       |       |       |       |     3 |       |       ||     3
Invok: Heroism           |       |       |       |     2 |     3 |     3 |    11 |    11 |     3 ||    33
       Finesse           |       |       |       |     1 |     5 |     3 |    11 |    12 |     3 ||    35
 Abil: Fly               |       |       |       |       |       |     1 |       |       |       ||     1
       Evoke Blink       |       |       |       |       |       |       |       |       |     1 ||     1
  Use: Potion            |       |     1 |       |     7 |     2 |     5 |     2 |     3 |     2 ||    22
       Scroll            |       |       |    13 |    10 |    10 |    12 |    14 |     6 |     6 ||    71
 Stab: Petrified         |       |       |       |       |       |     6 |       |       |       ||     6
       Confused          |       |       |       |       |       |       |       |     1 |       ||     1
  Eat: Chunk             |     1 |     4 |    11 |    26 |    18 |    18 |    23 |    10 |    12 ||   123
       Ration            |     1 |       |       |     3 |     2 |     2 |     6 |     2 |     4 ||    20
Armor: Scale mail        |     9 |       |       |       |       |       |       |       |       ||     9
       Chain mail        |    99 |   138 |   242 |    40 |       |       |       |       |       ||   519
       Plate armour      |       |       |       |   353 |   355 |   330 |   355 |   225 |   269 ||  1887
Dodge: Dodged            |    54 |    43 |    95 |   128 |   128 |   350 |   391 |   185 |   301 ||  1675
       Deflected         |       |       |       |       |       |    57 |    33 |    17 |    14 ||   121
Block: Shield            |   117 |    81 |   222 |   197 |       |       |       |       |       ||   617
       Large shield      |       |       |       |   209 |  1147 |  1691 |  1983 |   928 |  1723 ||  7681
